| TOP OF THE 1ST |
|
West Virginia Power batting - Pitching for Augusta GreenJackets : RHP Israel Alvarado
|
|
Pitching: RHP Israel Alvarado
|
|
|
Batting: LHB Micah Boshnjaku
|
0-0: Called Strike 0-1: Ball 1-1: Swinging Strike 1-2: Strikes out swinging
|
|
Batting: RHB Ron Corn
|
0-0: Ball 1-0: DOUBLE (Line Drive, 78XD, EV 110.0 MPH)
|
|
Batting: SHB Francisco Gutierrez
|
0-0: Called Strike Ron Corn steals 3rd base 0-1: Called Strike 0-2: Foul Ball, location: 2F 0-2: Ball 1-2: Foul Ball, location: 2F 1-2: Strikes out swinging
|
|
Batting: RHB Tom Primmer
|
0-0: Called Strike 0-1: Ball 1-1: Swinging Strike 1-2: Fly out, F8 (Line Drive, 8LD, EV 103.1 MPH)
|
| Top of the 1st over - 0 runs, 1 hit, 0 errors, 1 left on base; West Virginia 0 - Augusta 0 |
| BOTTOM OF THE 1ST |
|
Augusta GreenJackets batting - Pitching for West Virginia Power : LHP Hideharu Omoto
|
|
Pitching: LHP Hideharu Omoto
|
|
|
Batting: RHB Danny Gallo
|
0-0: Ball 1-0: Ball 2-0: Ball 3-0: Base on Balls
|
|
Batting: RHB Mike Buchanan
|
0-0: Called Strike 0-1: Ball 1-1: Ball Passed Ball! Danny Gallo to second 2-1: Called Strike 2-2: Fly out, F8 (Line Drive, 8LD, EV 93.1 MPH) Runner from 2nd tags up, SAFE at 3rd with throw by CF
|
|
Batting: LHB Carey Horncole
|
0-0: Foul Ball, location: 2F 0-1: Called Strike 0-2: Ball 1-2: Foul Ball, location: 2F 1-2: Ball 2-2: TRIPLE (Flyball, 78XD, EV 112.5 MPH) Danny Gallo scores
|
|
Batting: RHB Chris King
|
0-0: Ball 1-0: SINGLE (Line Drive, 8LS, EV 106.3 MPH) Carey Horncole scores
|
|
Batting: RHB Juan Flores
|
0-0: Ball 1-0: Ball 2-0: Grounds into double play, 6-4-3 (Groundball, 6, EV 86.9 MPH)
|
| Bottom of the 1st over - 2 runs, 2 hits, 0 errors, 0 left on base; West Virginia 0 - Augusta 2 |
| TOP OF THE 2ND |
|
West Virginia Power batting - Pitching for Augusta GreenJackets : RHP Israel Alvarado
|
|
Batting: RHB Jordan Robinson
|
0-0: Called Strike 0-1: Ball 1-1: Foul Ball, location: 2F 1-2: Strikes out swinging
|
|
Batting: RHB Jose Lozano
|
0-0: Ball 1-0: Swinging Strike 1-1: Foul Ball, location: 2F 1-2: Fly out, F8 (Line Drive, 8RD, EV 85.6 MPH)
|
|
Batting: RHB Ted Goldblatt
|
0-0: Called Strike 0-1: Fly out, F5 (Line Drive, 5, EV 74.4 MPH)
|
| Top of the 2nd over - 0 runs, 0 hits, 0 errors, 0 left on base; West Virginia 0 - Augusta 2 |
| BOTTOM OF THE 2ND |
|
Augusta GreenJackets batting - Pitching for West Virginia Power : LHP Hideharu Omoto
|
|
Batting: LHB Terry Ebersole
|
0-0: Foul Ball, location: 2F 0-1: Foul Ball, location: 2F 0-2: Fly out, F6 (Popup, 15, EV 88.8 MPH)
|
|
Batting: RHB Alfredo Lemus
|
0-0: Ball 1-0: Swinging Strike 1-1: Ball 2-1: Ball 3-1: Foul Ball, location: 2F 3-2: Strikes out swinging
|
|
Batting: LHB Gabe Velez
|
0-0: Ball 1-0: Foul Ball, location: 2F 1-1: Called Strike 1-2: Strikes out swinging
|
| Bottom of the 2nd over - 0 runs, 0 hits, 0 errors, 0 left on base; West Virginia 0 - Augusta 2 |
| TOP OF THE 3RD |
|
West Virginia Power batting - Pitching for Augusta GreenJackets : RHP Israel Alvarado
|
|
Batting: RHB Alfredo Medrano
|
0-0: Ball 1-0: Called Strike 1-1: Swinging Strike 1-2: Foul Ball, location: 2F 1-2: Foul Ball, location: 2F 1-2: Ball 2-2: Ground out 1-3 (Groundball, 13, EV 65.0 MPH)
|
|
Batting: RHB John Beiswenger
|
0-0: Swinging Strike 0-1: Swinging Strike 0-2: Strikes out swinging
|
|
Batting: LHB Micah Boshnjaku
|
0-0: Ball 1-0: Swinging Strike 1-1: Swinging Strike 1-2: Strikes out swinging
|
| Top of the 3rd over - 0 runs, 0 hits, 0 errors, 0 left on base; West Virginia 0 - Augusta 2 |
| BOTTOM OF THE 3RD |
|
Augusta GreenJackets batting - Pitching for West Virginia Power : LHP Hideharu Omoto
|
|
Batting: RHB Devin Lowery
|
0-0: Ball 1-0: Ball 2-0: Foul Ball, location: 2F 2-1: Fly out, F8 (Flyball, 8RD, EV 109.4 MPH)
|
|
Batting: RHB Danny Gallo
|
0-0: Foul Ball, location: 2F 0-1: Foul Ball, location: 2F 0-2: Ball 1-2: Foul Ball, location: 2F 1-2: Strikes out swinging
|
|
Batting: RHB Mike Buchanan
|
0-0: Called Strike 0-1: Ball 1-1: Foul Ball, location: 2F 1-2: Ball 2-2: Strikes out swinging
|
| Bottom of the 3rd over - 0 runs, 0 hits, 0 errors, 0 left on base; West Virginia 0 - Augusta 2 |
| TOP OF THE 4TH |
|
West Virginia Power batting - Pitching for Augusta GreenJackets : RHP Israel Alvarado
|
|
Batting: RHB Ron Corn
|
0-0: Foul Ball, location: 2F 0-1: Ball 1-1: Fly out, F6 (Line Drive, 6, EV 73.1 MPH)
|
|
Batting: SHB Francisco Gutierrez
|
0-0: Called Strike 0-1: Ball 1-1: Ball 2-1: Ball 3-1: Foul Ball, location: 2F 3-2: Strikes out looking
|
|
Batting: RHB Tom Primmer
|
0-0: Called Strike 0-1: Foul Ball, location: 2F 0-2: Ball 1-2: Strikes out swinging
|
| Top of the 4th over - 0 runs, 0 hits, 0 errors, 0 left on base; West Virginia 0 - Augusta 2 |
| BOTTOM OF THE 4TH |
|
Augusta GreenJackets batting - Pitching for West Virginia Power : LHP Hideharu Omoto
|
|
Batting: LHB Carey Horncole
|
0-0: Swinging Strike 0-1: Ball 1-1: Foul Ball, location: 2F 1-2: Ball 2-2: Foul Ball, location: 2F 2-2: Ground out U3 (Groundball, 3, EV 108.8 MPH)
|
|
Batting: RHB Chris King
|
0-0: Called Strike 0-1: Foul Ball, location: 2F 0-2: Ball 1-2: Ball 2-2: Ball 3-2: Ground out 5-3 (Groundball, 56, EV 83.1 MPH)
|
|
Batting: RHB Juan Flores
|
0-0: Ball 1-0: Ground out 5-3 (Groundball, 56S, EV 67.5 MPH)
|
| Bottom of the 4th over - 0 runs, 0 hits, 0 errors, 0 left on base; West Virginia 0 - Augusta 2 |
| TOP OF THE 5TH |
|
West Virginia Power batting - Pitching for Augusta GreenJackets : RHP Israel Alvarado
|
|
Batting: RHB Jordan Robinson
|
0-0: Ball 1-0: Ball 2-0: Ball 3-0: Called Strike 3-1: Base on Balls
|
|
Batting: RHB Jose Lozano
|
0-0: Ball 1-0: Ball Jordan Robinson steals 2nd base 2-0: Ball 3-0: Called Strike 3-1: Foul Ball, location: 2F 3-2: Foul Ball, location: 2F 3-2: Base on Balls
|
|
Batting: RHB Ted Goldblatt
|
0-0: Ball 1-0: Fielders Choice at 2nd, 1-4 (Groundball, 15S, EV 69.4 MPH) Jordan Robinson to third
|
|
Batting: RHB Alfredo Medrano
|
0-0: Called Strike 0-1: Swinging Strike 0-2: Ball 1-2: Strikes out swinging
|
|
Batting: RHB John Beiswenger
|
0-0: Foul Ball, location: 2F 0-1: Called Strike 0-2: Strikes out swinging
|
| Top of the 5th over - 0 runs, 0 hits, 0 errors, 2 left on base; West Virginia 0 - Augusta 2 |
| BOTTOM OF THE 5TH |
|
Augusta GreenJackets batting - Pitching for West Virginia Power : LHP Hideharu Omoto
|
|
Batting: LHB Terry Ebersole
|
0-0: Swinging Strike 0-1: Foul Ball, location: 2F 0-2: Ball 1-2: Fly out, F9 (Flyball, 89S, EV 85.0 MPH)
|
|
Batting: RHB Alfredo Lemus
|
0-0: Called Strike 0-1: Ball 1-1: Foul Ball, location: 2F 1-2: DOUBLE (Line Drive, 89XD, EV 108.1 MPH)
|
|
Batting: LHB Gabe Velez
|
0-0: Ball 1-0: Foul Ball, location: 2F 1-1: Ball 2-1: Called Strike 2-2: Ground out 6-3 (Groundball, 4MD, EV 102.5 MPH) Alfredo Lemus to third
|
|
Batting: RHB Devin Lowery
|
0-0: 2-RUN HOME RUN (Flyball, 78XD, EV 103.1 MPH), Distance : 417 ft
|
|
Batting: RHB Danny Gallo
|
0-0: Ball 1-0: Ball 2-0: Ball 3-0: Called Strike 3-1: Foul Ball, location: 2F 3-2: Foul Ball, location: 2F 3-2: Fly out, F8 (Flyball, 8LD, EV 81.3 MPH)
|
| Bottom of the 5th over - 2 runs, 2 hits, 0 errors, 0 left on base; West Virginia 0 - Augusta 4 |
| TOP OF THE 6TH |
|
West Virginia Power batting - Pitching for Augusta GreenJackets : RHP Israel Alvarado
|
|
Batting: LHB Micah Boshnjaku
|
0-0: Called Strike 0-1: Swinging Strike 0-2: Ball 1-2: TRIPLE (Flyball, 89XD, EV 106.3 MPH)
|
|
Batting: RHB Ron Corn
|
0-0: Ball 1-0: Foul Ball, location: 2F 1-1: Ground out 4-3 (Groundball, 4, EV 83.8 MPH) Micah Boshnjaku scores
|
|
Pitching: RHP Josh Aronhalt
|
|
|
Batting: SHB Francisco Gutierrez
|
0-0: Ball 1-0: Called Strike 1-1: Ground out 5-3 (Groundball, 5, EV 85.6 MPH)
|
|
Batting: RHB Tom Primmer
|
0-0: Ground out 5-3 (Groundball, 56D, EV 90.0 MPH)
|
| Top of the 6th over - 1 run, 1 hit, 0 errors, 0 left on base; West Virginia 1 - Augusta 4 |
| BOTTOM OF THE 6TH |
|
Augusta GreenJackets batting - Pitching for West Virginia Power : LHP Hideharu Omoto
|
|
Pitching: RHP R.J. Barr
|
|
|
Batting: RHB Mike Buchanan
|
0-0: Ball 1-0: Ball 2-0: Called Strike 2-1: TRIPLE (Line Drive, 89XD, EV 106.9 MPH)
|
|
Batting: LHB Carey Horncole
|
0-0: Called Strike 0-1: Swinging Strike 0-2: Ball 1-2: Strikes out looking
|
|
Batting: RHB Chris King
|
0-0: Called Strike 0-1: Ball 1-1: Fly out, F8 (Flyball, 8LXD, EV 81.9 MPH) Runner from 3rd tags up, SCORES, no throw by CF
|
|
Batting: RHB Juan Flores
|
0-0: Ball 1-0: Swinging Strike 1-1: Ball 2-1: Ball 3-1: Base on Balls
|
|
Batting: LHB Terry Ebersole
|
0-0: Foul Ball, location: 2F 0-1: Ball 1-1: Foul Ball, location: 2F 1-2: Foul Ball, location: 2F 1-2: Strikes out swinging
|
| Bottom of the 6th over - 1 run, 1 hit, 0 errors, 1 left on base; West Virginia 1 - Augusta 5 |
| TOP OF THE 7TH |
|
West Virginia Power batting - Pitching for Augusta GreenJackets : RHP Josh Aronhalt
|
|
Batting: RHB Jordan Robinson
|
0-0: Swinging Strike 0-1: Ball 1-1: Ball 2-1: Foul Ball, location: 2F 2-2: Ball 3-2: Foul Ball, location: 2F 3-2: Ground out 5-3 (Groundball, 5S, EV 80.6 MPH)
|
|
Batting: RHB Jose Lozano
|
0-0: Called Strike 0-1: Foul Ball, location: 2F 0-2: Ball 1-2: Ball 2-2: Reached on error, E6 (Groundball, 6MS, EV 81.9 MPH)
|
|
Batting: RHB Ted Goldblatt
|
0-0: Ball 1-0: Ball 2-0: Swinging Strike 2-1: SINGLE (Groundball, 6D, EV 100.0 MPH) Jose Lozano to second
|
|
Batting: RHB Alfredo Medrano
|
0-0: Called Strike 0-1: Foul Ball, location: 2F 0-2: Ball 1-2: Ball 2-2: DOUBLE (Groundball, 5L, EV 108.1 MPH) Jose Lozano scores Ted Goldblatt to third Runner from 3rd tries for Home, SAFE, throw by LF to home
|
|
Batting: RHB John Beiswenger
|
0-0: Swinging Strike 0-1: Swinging Strike 0-2: Ball 1-2: Ball 2-2: Foul Ball, location: 2F 2-2: Ball 3-2: Strikes out swinging
|
|
Pitching: LHP Travis Stichter
|
|
|
Batting: LHB Micah Boshnjaku
|
0-0: Ball 1-0: Ball 2-0: Swinging Strike 2-1: Reached on error, E6 (Groundball, 6, EV 90.0 MPH) Alfredo Medrano to third
|
|
Pitching: LHP Tommy McCusker
|
|
|
Batting: RHB Ron Corn
|
0-0: Ball 1-0: Swinging Strike 1-1: Foul Ball, location: 2F 1-2: Foul Ball, location: 2F 1-2: SINGLE (Line Drive, 8RS, EV 109.4 MPH) Alfredo Medrano scores Micah Boshnjaku to second Micah Boshnjaku to third
|
|
Batting: SHB Francisco Gutierrez
|
0-0: Ball 1-0: Called Strike 1-1: Ball 2-1: Foul Ball, location: 2F 2-2: Strikes out swinging
|
| Top of the 7th over - 3 runs, 3 hits, 2 errors, 2 left on base; West Virginia 4 - Augusta 5 |
| BOTTOM OF THE 7TH |
|
Augusta GreenJackets batting - Pitching for West Virginia Power : RHP R.J. Barr
|
|
Pitching: RHP Dave Weinraub
|
|
|
Batting: RHB Alfredo Lemus
|
0-0: Called Strike 0-1: Ball 1-1: Fly out, F5 (Line Drive, 5, EV 65.6 MPH)
|
|
Batting: LHB Gabe Velez
|
0-0: Called Strike 0-1: Called Strike 0-2: Strikes out swinging
|
|
Batting: RHB Devin Lowery
|
0-0: Ball 1-0: Called Strike 1-1: Called Strike 1-2: Strikes out looking
|
| Bottom of the 7th over - 0 runs, 0 hits, 0 errors, 0 left on base; West Virginia 4 - Augusta 5 |
| TOP OF THE 8TH |
|
West Virginia Power batting - Pitching for Augusta GreenJackets : LHP Tommy McCusker
|
|
Pitching: RHP Nate Heideman
|
|
|
Batting: RHB Tom Primmer
|
0-0: Ball 1-0: Ball 2-0: Ball 3-0: Called Strike 3-1: Called Strike 3-2: Strikes out swinging
|
|
Batting: RHB Jordan Robinson
|
0-0: Called Strike 0-1: Ball 1-1: Foul Ball, location: 2F 1-2: Strikes out looking
|
|
Batting: RHB Jose Lozano
|
0-0: Called Strike 0-1: Ground out 5-3 (Groundball, 5L, EV 105.0 MPH)
|
| Top of the 8th over - 0 runs, 0 hits, 0 errors, 0 left on base; West Virginia 4 - Augusta 5 |
| BOTTOM OF THE 8TH |
|
Augusta GreenJackets batting - Pitching for West Virginia Power : RHP Dave Weinraub
|
|
Batting: RHB Danny Gallo
|
0-0: Ball 1-0: Called Strike 1-1: Ball 2-1: Foul Ball, location: 2F 2-2: Strikes out swinging
|
|
Batting: RHB Mike Buchanan
|
0-0: Ball 1-0: Foul Ball, location: 2F 1-1: Foul Ball, location: 2F 1-2: Ball 2-2: Strikes out swinging
|
|
Batting: LHB Carey Horncole
|
0-0: Ball 1-0: Ball 2-0: Swinging Strike 2-1: Ball 3-1: Base on Balls
|
|
Batting: RHB Chris King
|
0-0: Ball 1-0: Called Strike Carey Horncole steals 2nd base 1-1: Called Strike 1-2: SINGLE (Line Drive, 9LS, EV 101.9 MPH) Carey Horncole to third Runner from 3rd tries for Home, throw by RF and OUT! 9-2
|
| Bottom of the 8th over - 0 runs, 1 hit, 0 errors, 1 left on base; West Virginia 4 - Augusta 5 |
| TOP OF THE 9TH |
|
West Virginia Power batting - Pitching for Augusta GreenJackets : RHP Nate Heideman
|
|
Now at 1B: Omar Jordan
|
|
|
Now at 2B: Devin Lowery
|
|
|
Batting: RHB Ted Goldblatt
|
0-0: Ball 1-0: Swinging Strike 1-1: Ball 2-1: Foul Ball, location: 2F 2-2: Foul Ball, location: 2F 2-2: Strikes out swinging
|
|
Pinch Hitting: LHB Justin Harris
|
0-0: Called Strike 0-1: Foul Ball, location: 2F 0-2: Ball 1-2: Strikes out swinging
|
|
Batting: RHB John Beiswenger
|
0-0: Called Strike 0-1: Foul Ball, location: 2F 0-2: Ball 1-2: Strikes out swinging
|
| Top of the 9th over - 0 runs, 0 hits, 0 errors, 0 left on base; West Virginia 4 - Augusta 5 |
|